 Dungeon Crawl Stone Soup version 0.21-a0-55-gb612c23 (webtiles) character file.

1338 qqqbard the Cruncher (level 8, -1/70 HPs)
             Began as a Minotaur Gladiator on June 14, 2017.
             Was an Initiate of Okawaru.
             Slain by a hornet (9 damage)
             ... on level 7 of the Dungeon.
             The game lasted 00:06:41 (4528 turns).

qqqbard the Cruncher (Minotaur Gladiator)           Turns: 4528, Time: 00:06:42

Health: -1/70      AC: 13    Str: 20    XL:     8   Next: 35%
Magic:  7/7        EV: 10    Int:  5    God:    Okawaru [......]
Gold:   288        SH:  0    Dex: 13    Spells: 7/7 levels left

rFire    . . .     SeeInvis .   a - +0 quarterstaff
rCold    . . .     Gourm    .   (shield currently unavailable)
rNeg     . . .     Faith    .   n - +0 chain mail (curse)
rPois    .         Spirit   .   c - +0 hat
rElec    .         Reflect  .   (no cloak)
rCorr    .         Harm     .   y - +0 pair of gloves
MR       .....                  A - +1 pair of boots
Stlth    ..........             (no amulet)
HPRegen  0.21/turn              (no ring)
MPRegen  0.10/turn              (no ring)

@: lethally poisoned (-1 -> -8), flying, slowed, very slow
A: retaliatory headbutt, horns 2
a: Renounce Religion


You were on level 7 of the Dungeon.
You worshipped Okawaru.
Okawaru was noncommittal.
You were not hungry.

You visited 1 branch of the dungeon, and saw 7 of its levels.

You collected 288 gold pieces.

Inventory:

Hand Weapons
 a - a +0 quarterstaff (weapon)
Missiles
 d - 3 throwing nets (quivered)
Armour
 c - a +0 hat (worn)
 n - a cursed +0 chain mail (worn)
 y - a +0 pair of gloves (worn)
 A - a +1 pair of boots (worn)
Scrolls
 e - 2 scrolls of remove curse {unknown}
 j - 2 scrolls of enchant armour {unknown}
 k - a scroll of magic mapping {unknown}
 m - a scroll of fear {unknown}
 p - 3 scrolls of teleportation {unknown}
 q - 9 scrolls of identify {unknown}
 z - a scroll of fog {unknown}
 E - a scroll of recharging {unknown}
Potions
 b - a potion of haste {unknown}
 g - 2 potions of curing {unknown}
 h - 2 potions of cancellation {unknown}
 i - 2 potions of flight
 o - 4 potions of brilliance {unknown}
 r - a potion of magic {unknown}
 t - 2 potions of lignification {unknown}
 v - 2 potions of mutation {unknown}
 w - a potion of degeneration {unknown}
 B - a potion of agility {unknown}
 D - a potion of heal wounds {unknown}
Books
 s - a book of Maledictions

   Spells                             Type                      Level
   a - Corona                         Hexes                        1
   b - Ensorcelled Hibernation        Hexes/Ice                    2
   c - Confuse                        Hexes                        3
   d - Tukima's Dance                 Hexes                        3
   e - Dazzling Spray                 Conjuration/Hexes            3
Comestibles
 f - 4 bread rations
 l - 2 royal jellies
 u - a fruit
 x - 2 meat rations
 C - 9 chunks of flesh


   Skills:
 + Level 6.0 Fighting
 * Level 8.5 Staves
 - Level 2.0 Throwing
 + Level 5.0 Armour
 + Level 6.1 Dodging


You had 7 spell levels left.
You didn't know any spells.

Dungeon Overview and Level Annotations

Branches:
Dungeon (7/15)
 Temple: D:4-7

Altars:
Ashenzari
Fedhas
Gozag
Nemelex Xobeh
Okawaru
Ru
Uskayaw
Zin
The Shining One


Innate Abilities, Weirdness & Mutations

You reflexively headbutt those who attack you in melee.
You have a pair of horns on your head.


Message History

* * * LOW HITPOINT WARNING * * *
You shrug off the repeated paralysis!
Your chain mail prevents you from hitting the hornet.
The hornet is heavily wounded.
* * * LOW HITPOINT WARNING * * *
You feel sick. The hornet misses you.
The hornet stings you but does no damage.
You hit the hornet but do no damage.
You headbutt the hornet, but do no damage.
The hornet is heavily wounded.
* * * LOW HITPOINT WARNING * * *
You feel sick. The hornet misses you. You furiously retaliate!
You headbutt the hornet.
The hornet stings you but does no damage.
It was a potion of flight.
You feel very buoyant.
You fly up into the air.
You feel sick.
The hornet stings you but does no damage.
The hornet stings you!
You die...

#. #.# # ##.## ##
.##...# .. ..$..
#### #. #... .....
.##..##.####.....#
..........@y.....#
....##.####.....#
. #.# ....# #.#
#### #.# #.# #.#
###### #######.#
######....#
........#
#.......#.#


You could see a hornet.

Vanquished Creatures
  The ghost of Gildefarne the Sneak, an amateur KoAs (D:4)
  Duvessa (D:5)
  A sky beast (D:6)
  3 ogres
  Dowan (D:5)
  A bullfrog zombie (D:6)
  A crimson imp (D:5)
  An orc priest (D:7)
  A jelly (D:6)
  3 bullfrog skeletons
  A centaur skeleton (D:6)
  2 orc wizards
  2 iguanas
  Natasha (twice) (D:2)
  3 worker ants
  Terence (D:2)
  A hound skeleton (D:4)
  6 adders
  A shadow imp (D:6)
  An adder zombie (D:7)
  2 adder skeletons (D:4)
  2 worms
  4 dart slugs
  3 leopard geckos (D:2)
  26 orcs
  10 giant cockroaches
  7 goblins
  9 hobgoblins
  8 jackals
  A quokka (D:3)
  A ball python (D:2)
  3 bats
  5 frilled lizards
  7 kobolds
  2 leopard gecko skeletons (D:4)
  A quokka skeleton (D:6)
  8 rats
133 creatures vanquished.

Notes
Turn   | Place    | Note
-------+----------+-------------------------------------------
     0 | D:1      | qqqbard the Minotaur Gladiator began the quest for the Orb.
     0 | D:1      | Reached XP level 1. HP: 18/18 MP: 0/0
   326 | D:1      | Reached skill level 4 in Staves
   326 | D:1      | Reached XP level 2. HP: 23/25 MP: 1/1
   626 | D:2      | Reached skill level 1 in Armour
   744 | D:2      | Noticed Terence
   756 | D:2      | Killed Terence
   756 | D:2      | Reached XP level 3. HP: 28/31 MP: 2/2
   772 | D:2      | Noticed Natasha
   785 | D:2      | Killed Natasha
   785 | D:2      | Reached XP level 4. HP: 7/38 MP: 3/3
  1110 | D:2      | Found a glowing silver altar of Zin.
  1110 | D:2      | Found a shattered altar of Ashenzari.
  1206 | D:2      | Reached skill level 5 in Staves
  1228 | D:2      | Found a shattered altar of Ashenzari.
  1231 | D:2      | Noticed Natasha
  1372 | D:2      | Killed Natasha
  1815 | D:3      | Reached XP level 5. HP: 40/45 MP: 4/4
  1923 | D:3      | Found a blossoming altar of Fedhas.
  2090 | D:3      | Found a sacrificial altar of Ru.
  2532 | D:4      | Noticed an ogre
  2537 | D:4      | Killed an ogre
  2537 | D:4      | Reached skill level 6 in Staves
  2537 | D:4      | Reached XP level 6. HP: 44/52 MP: 5/5
  2546 | D:4      | Noticed Gildefarne's ghost (amateur KoAs)
  2755 | D:4      | Killed Gildefarne's ghost
  2827 | D:4      | Reached XP level 7. HP: 37/60 MP: 6/6
  2864 | D:4      | Noticed a hand axe
  2865 | D:4      | Noticed a dagger
  2868 | D:4      | Found a hide-covered altar of Uskayaw.
  3089 | D:4      | Found a sparkling altar of Nemelex Xobeh.
  3090 | D:4      | Found an opulent altar of Gozag.
  3206 | D:5      | Entered Level 5 of the Dungeon
  3207 | D:5      | Noticed Duvessa
  3209 | D:5      | Noticed Dowan
  3220 | D:5      | Killed Duvessa
  3220 | D:5      | Reached skill level 5 in Fighting
  3220 | D:5      | Reached skill level 7 in Staves
  3220 | D:5      | Reached skill level 5 in Dodging
  3231 | D:5      | Killed Dowan
  4017 | D:6      | Found an iron altar of Okawaru.
  4028 | D:6      | Became a worshipper of Warmaster Okawaru
  4115 | D:6      | Reached skill level 8 in Staves
  4115 | D:6      | Reached XP level 8. HP: 64/69 MP: 7/7
  4381 | D:6      | Found a glowing golden altar of the Shining One.
  4495 | D:7      | Reached skill level 5 in Armour
  4516 | D:7      | Noticed a hornet
  4521 | D:7      | Paralysed by a hornet for 2 turns
  4528 | D:7      | Slain by a hornet

Vault maps used:
D:1:      lightli_arrival_statuegarden
D:2:      gammafunk_temple_overflow_elements, nicolae_ashenzari_panopticon,
          uniq_terence, uniq_natasha
D:3:      corexii_shack_village, lemuel_round_altar, fedhas_altar_2
D:4:      dancing_weapons_uskayaw, grunt_temple_overflow_opulence, first_bread
D:5:      uniq_duvessa
D:6:      okawaru_gym_becter, tso_altar
D:7:      kiku_gazebo_garden_becter, minmay_temple_entry_butterflies,
          basic_altar

Skill      XL: |  1  2  3  4  5  6  7  8 |
---------------+-------------------------+-----
Staves         | 4 5 6 8 |  8.5
Armour         | 1 2 3 4 5 |  5.0
Fighting       | 3 4 5 6 |  6.0
Dodging        | 4 5 6 |  6.1
Throwing       | |  2.0

Action                   |  1- 3 |  4- 6 |  7- 9 || total
-------------------------+-------+-------+-------++-------
Melee: Quarterstaff      |    63 |   125 |   162 ||   350
       Headbutt          |    10 |    25 |    26 ||    61
  Use: Potion            |       |       |     1 ||     1
  Eat: Chunk             |       |     6 |     6 ||    12
Armor: Leather armour    |     3 |       |       ||     3
       Chain mail        |    17 |    58 |   100 ||   175
Dodge: Dodged            |    28 |    56 |    82 ||   166
